 Dungeon Crawl Stone Soup version 0.28.0-1-gb440e238dd (webtiles) character file.

Game seed: 156324459261016789

37 Crownlay the Chopper (level 3, -8/31 HPs)
             Began as a Hill Orc Fighter on Feb 20, 2022.
             Mangled by Sigmund (9 damage)
             ... on level 2 of the Dungeon.
             The game lasted 00:01:40 (1483 turns).

Crownlay the Chopper (Hill Orc Fighter)             Turns: 1483, Time: 00:01:41

Health: -8/31      AC:  6    Str: 20    XL:     3   Next: 41%
Magic:  3/3        EV:  9    Int:  8    God:
Gold:   49         SH:  0    Dex: 10    Spells: 2/2 levels left

rFire   . . .      SeeInvis .   a - +0 war axe
rCold   . . .      Faith    .   c - +0 buckler
rNeg    . . .      Spirit   .   b - +0 scale mail
rPois   .          Reflect  .   (no helmet)
rElec   .          Harm     .   (no cloak)
rCorr   .          Rampage  .   (no gloves)
Will    .....                   (no boots)
Stlth   ..........              (no amulet)
HPRegen 0.10/turn               (no ring)
MPRegen 0.08/turn               (no ring)

@: confused, mighty
A: no striking features
a: no special abilities


You were on level 2 of the Dungeon.
You visited 1 branch of the dungeon, and saw 2 of its levels.

You collected 49 gold pieces.

Inventory:

Hand Weapons
 a - a +0 war axe (weapon)
Armour
 b - a +0 scale mail (worn)
 c - a +0 buckler (worn)
 m - a +0 plate armour
Scrolls
 e - a scroll of summoning {unknown}
 h - a scroll of fog {unknown}
 k - a scroll of teleportation {unknown}
Potions
 f - 2 potions of haste {unknown}
 g - a potion of mutation {unknown}
 i - 3 potions of heal wounds {unknown}
 j - a potion of cancellation {unknown}
 l - a potion of curing {unknown}


   Skills:
 - Level 3.6 Fighting
 * Level 4.3 Axes
 - Level 3.2 Armour
 + Level 3.8 Shields


You had 2 spell levels left.
You didn't know any spells.
Your spell library was empty.

Dungeon Overview and Level Annotations

Branches:
Dungeon (2/15)

Altars:

Shops:
D:2 =

Annotations:
D:2 Sigmund


Message History

You see here 20 sling bullets.
i - 3 brown potions (gained 2)
Things that are here:
a +0 plate armour; a +0 robe You open the door.
Found Rikittu's Jewellery Boutique.
Found a stone staircase leading down.
There is an open door here.
Things that are here:
a +0 plate armour; a +0 robe
m - a +0 plate armour
There is an open door here.
You now have 49 gold pieces (gained 7).
There is an entrance to Rikittu's Jewellery Boutique here.
You can access your shopping list by pressing '$'.
You open the door.
There is an open door here.
Sigmund the Dreaded comes into view.
He is wielding a +0 scythe.
Sigmund shouts!
Sigmund hits you from afar with a +0 scythe.
You feel very mighty all of a sudden.
Sigmund is suddenly surrounded by pale green light.
Sigmund hits you with a +0 scythe!
You closely miss Sigmund. Sigmund hits you with a +0 scythe!
You are too injured to fight recklessly!
You are too injured to fight recklessly!
You slash Sigmund!
Sigmund is moderately wounded.
Sigmund gestures wildly while chanting.
Sigmund flickers and vanishes!
Deactivating autopickup; reactivate with Ctrl-A.
You slash something!
You hear some strange, mumbled words.
You are confused.
You hear some strange, mumbled words.
Something tries to affect you, but you resist.
Something hits you!
* * * LOW HITPOINT WARNING * * *
You bump into the rock wall.
Something hits you!
You die...

##'######.
#.........
#........>
#∩........
#.........
##'######.
#.#########
#.........#
#########@#
#{# #.# ..#
.## #. ..
..


There were no monsters in sight!

Vanquished Creatures
  A dart slug (D:1)
  6 ball pythons (D:1)
  3 bats (D:1)
  5 endoplasms (D:1)
  2 giant cockroaches (D:1)
  2 goblins (D:1)
  4 hobgoblins (D:1)
  2 jackals (D:1)
  A quokka (D:1)
  4 rats (D:1)
30 creatures vanquished.

Notes
Turn   | Place    | Note
-------+----------+-------------------------------------------
     0 | D:1      | Crownlay the Hill Orc Fighter began the quest for the Orb.
     0 | D:1      | Reached XP level 1. HP: 19/19 MP: 1/1
    26 | D:1      | Reached skill level 3 in Axes
    54 | D:1      | Reached XP level 2. HP: 26/26 MP: 2/2
   492 | D:1      | Found a faded altar of an unknown god.
   522 | D:1      | Reached skill level 4 in Axes
   608 | D:1      | Reached XP level 3. HP: 27/31 MP: 3/3
  1447 | D:2      | Found Rikittu's Jewellery Boutique.
  1475 | D:2      | Noticed Sigmund
  1482 | D:2      | HP: 1/31 [something (12)]
  1483 | D:2      | Mangled by Sigmund

Illustrated notes

Levels and vault maps discovered:
D:1:      minmay_arrival_cross, layout_basic, basic_ecumenical_altar
D:2:      layout_basic, serial_shops, nicolae_shop_competitors_out_of_business,
          shop, shop_fountains, uniq_sigmund

Skill      XL: |  1  2 |
---------------+-------+-----
Axes           | 3 4 |  4.3
Fighting       | |  3.6
Armour         | |  3.2
Shields        | |  3.8

Action                   || total
-------------------------++-------
Melee: War axe           ||    75
  Use: Potion            ||     1
Armor: Scale mail        ||    31
Dodge: Dodged            ||    33
Block: Buckler           ||    22
